 Dungeon Crawl Stone Soup version 0.31-a0-1066-g35875b34c7 (webtiles) character file.

Game seed: 17640723523424115483

484 Gumption the Shooter (level 7, -1/52 HPs)
             Began as a Gnoll Wanderer on Nov 22, 2023.
             Slain by a cerulean imp
             ... wielding a +2 spear
             ... summoned by Natasha
              (2 damage)
             ... on level 4 of the Dungeon.
             The game lasted 00:36:36 (3935 turns).

Gumption the Shooter (Gnoll Wanderer)               Turns: 3935, Time: 00:36:36

Health: -1/52      AC: 11    Str: 12    XL:     7   Next: 12%
Magic:  12/12      EV:  7    Int:  9    God:
Gold:   168        SH:  0    Dex: 15    Spells: 13/13 levels left

rFire   . . .        b - +1 dagger (speed)
rCold   . . .        (no shield)
rNeg    . . .        d - +0 chain mail
rPois   .            w - +0 helmet
rElec   .            (no cloak)
rCorr   .            (no gloves)
SInv    .            v - +0 pair of boots
Will    .....        (no amulet) Stlth
                     (no ring)
HPRegen 0.28/turn    (no ring)
MPRegen 0.13/turn

%: no passive effects
@: slowed, very slow
A: fangs 1, strong nose, distributed training
a: no special abilities


You were on level 4 of the Dungeon.
You visited 1 branch of the dungeon, and saw 4 of its levels.
You also visited: Sewer.

You collected 168 gold pieces.

Inventory:

Hand Weapons
 a - the +4 sling of an ice cave {flame, +Blink rPois rF++ Dex+3}
   (You found it on level 4 of the Dungeon)

   Dex+3:     It affects your dexterity (+3).
   rF++:      It greatly protects you from fire.
   rPois:     It protects you from poison +Blink: It lets you blink.
 b - a +1 dagger of speed (weapon)
 h - a +0 arbalest
 l - a +2 heavy war axe
 x - a +2 sling
Missiles
 c - 12 poisoned darts (quivered)
Armour
 d - a +0 chain mail (worn)
 v - a +0 pair of boots (worn)
 w - a +0 helmet (worn)
Scrolls
 e - a scroll of blinking
 f - 2 scrolls of fear {unknown}
 g - 3 scrolls of teleportation
 i - a scroll of enchant armour {unknown}
 j - 2 scrolls of amnesia {unknown}
 k - a scroll of noise {unknown}
 p - a scroll of poison {unknown}
 s - a scroll of identify {unknown}
Potions
 m - a potion of heal wounds {unknown}
 n - 2 potions of might {unknown}
 o - a potion of attraction {unknown}
 q - 4 potions of enlightenment
 r - a potion of cancellation {unknown}
 t - a potion of lignification {unknown}
 u - a potion of brilliance {unknown}


   Skills:
 + Level 3.5 Fighting
 + Level 3.5 Short Blades
 + Level 2.3 Long Blades
 + Level 2.3 Axes
 + Level 2.3 Maces & Flails
 + Level 2.3 Polearms
 + Level 2.3 Staves
 + Level 7.0 Ranged Weapons
 + Level 3.5 Throwing
 + Level 3.5 Armour
 + Level 2.3 Dodging
 + Level 2.3 Stealth
 + Level 2.3 Shields
 + Level 2.3 Unarmed Combat
 + Level 3.7 Spellcasting
 + Level 1.9 Conjurations
 + Level 1.9 Hexes
 + Level 1.9 Summonings
 + Level 1.9 Necromancy
 + Level 1.9 Translocations
 + Level 1.9 Transmutations
 + Level 1.9 Fire Magic
 + Level 1.9 Ice Magic
 + Level 1.9 Air Magic
 + Level 1.9 Earth Magic
 + Level 1.9 Poison Magic
 + Level 3.7 Invocations
 + Level 3.5 Evocations
 + Level 2.1 Shapeshifting


You had 13 spell levels left.
You didn't know any spells.
Your spell library contained the following spells:

 Spells                   Type           Power      Damage    Failure   Level
 Cigotuvi's Dreadful Rot  Necr/Pois/Air  10%        N/A       99%         2
 Sublimation of Blood     Necr           5%         N/A       99%         2
 Wereblood                Tmut           5%         N/A       99%         2
 Dispel Undead            Necr           5%         3d7       100%        4
 Death Channel            Necr           2%         N/A       100%        6
 Summon Hydra             Summ           2%         N/A       100%        7


Dungeon Overview and Level Annotations

Branches:
Dungeon (4/15)              Sewer (visited)
 Temple: D:4-7

Altars:
Dithmenos

Annotations:
D:4 Natasha


Innate Abilities, Weirdness & Mutations

You have very sharp teeth.
Your uncanny sense of smell can sniff out nearby items.
Your experience applies equally to all skills.


Message History

You feel yourself slow down.
The cerulean imp hits you from afar with a +2 spear.
* * * LOW HITPOINT WARNING * * *
Fire: a) +4 sling of an ice cave {flame, +Blink rPois rF++ Dex+3}
Press: ? - help, Q - select action, (/) - cycle Shift-Dir - straight line, f/p - Natasha
Aim: Natasha (heavily wounded, 61% to hit)
You shoot a sling bullet. The sling bullet barely misses Natasha.
The sling bullet barely misses the cerulean imp.
The cerulean imp hits you from afar with a +0 spear.
* * * LOW HITPOINT WARNING * * *
Natasha claws you.
* * * LOW HITPOINT WARNING * * *
The cerulean imp closely misses you.
The cerulean imp hits you but does no damage.
Natasha stares at you and mumbles some strange words.
The magic dart hits you!
* * * LOW HITPOINT WARNING * * *
The cerulean imp hits you but does no damage.
The cerulean imp barely misses you.
The +4 sling of an ice cave {flame, +Blink rPois rF++ Dex+3} stops flaming.
Your hands tingle!
b - a +1 dagger of speed (weapon)
Natasha stares at you and mumbles some strange words.
You feel as though you will be slow longer.
The cerulean imp hits you but does no damage.
You hit Natasha.
Natasha is severely wounded.
The cerulean imp hits you from afar with a +0 spear.
* * * LOW HITPOINT WARNING * * *
Natasha claws you.
* * * LOW HITPOINT WARNING * * *
The cerulean imp hits you but does no damage.
You hit Natasha but do no damage.
Natasha is severely wounded.
The cerulean imp hits you from afar with a +0 spear.
* * * LOW HITPOINT WARNING * * *
Natasha claws you!
* * * LOW HITPOINT WARNING * * *
The cerulean imp hits you from afar with a +2 spear.
You die...

....... .......
......? ......$
....... 55..... ∆
######h...... ∆
#....@.# .###.
#..##### #....
##.######## #..... #
#.....(..#####.#.###.
########...#)........
######.....#.....
...........#...##
.........(.......
#######.#....^.#.


You could see Natasha and 2 cerulean imps.

Vanquished Creatures
  A scorpion (D:4)
  3 hounds
  Jessica (D:3)
  A sleepcap (D:4)
  A sickly merfolk siren (Sewer)
  A malarious merfolk avatar (Sewer)
  10 adders
  A river rat (Sewer)
  A shadow imp (D:4)
  2 worms (D:2)
  3 dart slugs
  2 orcs
  3 bats
  7 endoplasms
  7 giant cockroaches
  10 hobgoblins
  10 jackals
  9 kobolds
  9 quokkas
  9 ball pythons
  8 frilled lizards
  8 goblins
  21 rats
128 creatures vanquished.

Notes
Turn   | Place    | Note
-------+----------+-------------------------------------------
     0 | D:1      | Gumption the Gnoll Wanderer began the quest for the Orb.
     0 | D:1      | Gumption set off with the following items: a +2 sling, a +0
                  | short sword, 13 poisoned darts, a +0 dagger, a scroll of
                  | blinking, a +0 leather armour.
     0 | D:1      | Reached XP level 1. HP: 17/17 MP: 4/4
   171 | D:1      | Reached XP level 2. HP: 19/23 MP: 5/5
   620 | D:1      | Reached XP level 3. HP: 28/28 MP: 7/7
   929 | D:2      | Reached skill level 1 in Long Blades
   929 | D:2      | Reached skill level 1 in Axes
   929 | D:2      | Reached skill level 1 in Maces & Flails
   929 | D:2      | Reached skill level 1 in Polearms
   929 | D:2      | Reached skill level 1 in Staves
   929 | D:2      | Reached skill level 1 in Dodging
   929 | D:2      | Reached skill level 1 in Stealth
   929 | D:2      | Reached skill level 1 in Shields
   929 | D:2      | Reached skill level 1 in Unarmed Combat
  1055 | D:2      | Reached XP level 4. HP: 34/34 MP: 8/8
  1075 | D:2      | Found a shadowy altar of Dithmenos.
  1115 | D:2      | Reached skill level 1 in Shapeshifting
  1496 | D:2      | Reached skill level 1 in Conjurations
  1496 | D:2      | Reached skill level 1 in Hexes
  1496 | D:2      | Reached skill level 1 in Summonings
  1496 | D:2      | Reached skill level 1 in Necromancy
  1496 | D:2      | Reached skill level 1 in Translocations
  1496 | D:2      | Reached skill level 1 in Transmutations
  1496 | D:2      | Reached skill level 1 in Fire Magic
  1496 | D:2      | Reached skill level 1 in Ice Magic
  1496 | D:2      | Reached skill level 1 in Air Magic
  1496 | D:2      | Reached skill level 1 in Earth Magic
  1496 | D:2      | Reached skill level 1 in Poison Magic
  1881 | D:3      | Found a faded altar of an unknown god.
  1932 | D:3      | Found a glowing drain.
  1957 | D:3      | Reached XP level 5. HP: 36/40 MP: 9/9
  1981 | Sewer    | Entered a sewer
  2282 | Sewer    | Reached XP level 6. HP: 29/47 MP: 9/11
  2567 | D:3      | Noticed Jessica
  2570 | D:3      | Killed Jessica
  3427 | D:4      | Identified the +0 ring mail of Mushyinu {rElec Dex+2}
  3842 | D:4      | Reached XP level 7. HP: 39/52 MP: 12/12
  3895 | D:4      | Identified the +4 sling of an ice cave {flame, +Blink rPois
                  | rF++ Dex+3}
  3922 | D:4      | Noticed Natasha
  3928 | D:4      | Reached skill level 7 in Ranged Weapons
  3935 | D:4      | HP: 1/52 [Natasha (7)]
  3935 | D:4      | Slain by a cerulean imp

Illustrated notes

Levels and vault maps discovered:
D:1:      spicycebolla_green_bress_n_ham, layout_loops_ring
D:2:      layout_basic, basic_altar, palyth_stone_intersect
D:3:      layout_basic, hellmonk_ecumenical_altar_zigzags,
          gup_sewer_entry_glass, uniq_jessica
D:4:      layout_rooms, uniq_natasha

Skill      XL: |  1  2  3  4  5  6  7 |
---------------+----------------------+-----
Long Blades    | 1 2 |  2.3
Axes           | 1 2 |  2.3
Maces & Flails | 1 2 |  2.3
Polearms       | 1 2 |  2.3
Staves         | 1 2 |  2.3
Dodging        | 1 2 |  2.3
Stealth        | 1 2 |  2.3
Shields        | 1 2 |  2.3
Unarmed Combat | 1 2 |  2.3
Shapeshifting  | 1 2 |  2.1
Spellcasting   | 3 |  3.7
Conjurations   | 1 |  1.9
Hexes          | 1 |  1.9
Summonings     | 1 |  1.9
Necromancy     | 1 |  1.9
Translocations | 1 |  1.9
Transmutations | 1 |  1.9
Fire Magic     | 1 |  1.9
Ice Magic      | 1 |  1.9
Air Magic      | 1 |  1.9
Earth Magic    | 1 |  1.9
Poison Magic   | 1 |  1.9
Invocations    | 3 |  3.7
Fighting       | 3 |  3.5
Short Blades   | 3 |  3.5
Throwing       | 3 |  3.5
Armour         | 3 |  3.5
Evocations     | 3 |  3.5
Ranged Weapons | 7 |  7.0

Action                     |  1- 3 |  4- 6 |  7- 9 || total
---------------------------+-------+-------+-------++-------
  Melee: Dagger            |   120 |   361 |     2 ||   483
         Punch             |     2 |     6 |       ||     8
         Bite              |     6 |    39 |       ||    45
   Fire: Sling             |    56 |    90 |    10 ||   156
         Arbalest          |       |     1 |       ||     1
  Throw: Dart              |     1 |     9 |       ||    10
    Use: Scroll            |       |     1 |       ||     1
 Armour: Chain mail        |    70 |   211 |    31 ||   312
  Dodge: Dodged            |    28 |    67 |     8 ||   103

Table legend: (Time is in decaauts)
 A = Elapsed time spent in this place.
 B = Non-inter-level travel time spent in this place.
 C = Inter-level travel time spent in this place.
 D = Time resting spent in this place.
 E = Time spent auto-exploring this place.
 F = Levels seen in this place.
 G = Mean time per level.
                   A        B        C        D        E       F      G
               +--------+--------+--------+--------+--------+-----+--------+
         Total |   3832 |   3731 |    101 |    393 |   1539 |   5 |  766.4 |
       Dungeon |   3229 |   3128 |    101 |    307 |   1390 |   4 |  807.2 |
         Sewer |    603 |    603 |      0 |     86 |    149 |   1 |  603.0 |
               +--------+--------+--------+--------+--------+-----+--------+

Top non-repeatable levels by time:
     D:3: 1079 daAuts
     D:2: 982 daAuts
     D:1: 760 daAuts
   Sewer: 603 daAuts
     D:4: 406 daAuts
